Map: Pylon LE

Players

jeannysu - Winner!

  • Race: Protoss Protoss
  • Spawn Location: 5:00

VOD

Have the link to the VOD?

Description

Time

  • Played on: Aug. 28, 2025, 9:13 a.m.
  • Length: 21:01
Show
View Real Time Build Order
Export as new Build Order

jeannysu Protoss - Winner!

Build Orders:  

Get SALT Encoding   

  12  0:04  Probe (Chrono Boost)  
  13  0:15  Probe (Chrono Boost)  
  14  0:28  Probe (Chrono Boost)  
  14  0:30  Pylon  
  15  0:57  Probe (Chrono Boost)  
  16  1:04  Gateway  
  16  1:10  Assimilator  
  16  1:17  Probe (Chrono Boost)  
  17  1:29  Probe (Chrono Boost)  
  18  1:40  Pylon, Probe (Chrono Boost)  
  19  1:54  Probe (Chrono Boost)  
  21  2:11  Probe (Chrono Boost)  
  21  2:22  Nexus  
  21  2:28  Probe (Chrono Boost)  
  21  2:55  Cybernetics Core  
  22  3:00  Probe (Chrono Boost), Assimilator  
  22  3:23  Forge  
  22  3:25  Forge  
  22  3:30  Assimilator  
  22  3:33  Probe (Chrono Boost)  
  23  3:45  Probe (Chrono Boost)  
  24  3:58  Probe (Chrono Boost)  
  27  4:06  Probe (Chrono Boost)  
  28  4:15  Probe (Chrono Boost)  
  29  4:23  Probe (Chrono Boost)  
  29  4:24  Protoss Ground Weapons Level 1  
  30  4:31  Twilight Council  
  30  4:32  Unknown  
  30  4:37  Probe (Chrono Boost)  
  32  4:40  Probe (Chrono Boost)  
  32  4:42  Unknown  
  32  4:46  Stalker  
  32  4:51  Warp Gate  
  32  4:59  Probe x2 (Chrono Boost)  
  36  5:01  Unknown  
  36  5:16  Probe x2 (Chrono Boost)  
  36  5:19  Unknown  
  38  5:33  Probe x2 (Chrono Boost), Stalker  
  42  5:40  Photon Cannon  
  42  5:49  Probe (Chrono Boost)  
  44  5:50  Probe (Chrono Boost)  
  44  5:51  Pylon  
  44  5:52  Gateway  
  44  6:01  Gateway  
  44  6:07  Probe (Chrono Boost)  
  46  6:12  Probe (Chrono Boost)  
  46  6:18  Pylon  
  46  6:23  Probe (Chrono Boost)  
  46  6:29  Probe (Chrono Boost)  
  48  6:32  Pylon  
  48  6:34  Gateway  
  48  6:35  Protoss Ground Armor Level 1  
  49  6:40  Probe (Chrono Boost)  
  49  6:47  Assimilator  
  49  6:54  Probe (Chrono Boost)  
  49  6:57  Probe (Chrono Boost)  
  51  7:00  Templar Archives  
  51  7:07  Stalker  
  54  7:11  Probe (Chrono Boost)  
  54  7:12  Blink  
  54  7:24  Gateway  
  54  7:26  Gateway  
  54  7:31  Gateway  
  54  7:33  Pylon  
  54  7:37  Stalker  
  56  7:41  Unknown  
  56  7:44  Psionic Storm  
  56  7:56  Stalker x2  
  56  7:57  Stalker  
  62  8:16  Stalker  
  64  8:38  Nexus  
  64  8:46  Robotics Facility  
  64  8:58  Protoss Ground Weapons Level 2  
  64  9:00  Zealot x2  
  64  9:01  Zealot x4  
  64  9:04  High Templar  
  78  9:10  Charge  
  76  9:28  Shield Battery  
  76  9:33  Sentry  
  78  9:40  Protoss Ground Armor Level 2  
  78  9:47  Pylon  
  78  9:51  Pylon  
  78  9:55  Pylon  
  78  9:58  Pylon  
  78  10:00  Pylon  
  78  10:10  Pylon  
  78  10:16  Assimilator  
  78  10:18  Probe (Chrono Boost)  
  78  10:19  Probe (Chrono Boost)  
  80  10:23  Assimilator  
  80  10:28  High Templar x2  
  84  10:31  Stalker  
  84  10:35  Probe (Chrono Boost)  
  84  10:36  Probe (Chrono Boost)  
  89  10:40  Probe (Chrono Boost)  
  89  10:42  Observer  
  89  10:48  Pylon  
  90  10:52  Probe (Chrono Boost)  
  90  10:53  Probe (Chrono Boost)  
  90  10:57  Probe (Chrono Boost)  
  90  10:59  Observer  
  93  11:09  Probe x2 (Chrono Boost)  
  95  11:14  Probe (Chrono Boost)  
  95  11:18  Shield Battery  
  97  11:23  Shield Battery  
  97  11:26  Shield Battery, Probe x2 (Chrono Boost)  
  97  11:28  Immortal  
  97  11:29  Photon Cannon  
  104  11:31  Probe (Chrono Boost), Photon Cannon  
  104  11:40  Zealot  
  104  11:43  Probe x2 (Chrono Boost), Stalker  
  104  11:48  Probe (Chrono Boost)  
  111  12:08  Robotics Facility  
  111  12:16  Robotics Bay  
  111  12:20  Zealot x3  
  111  12:21  Zealot  
  111  12:23  Immortal  
  123  12:32  Protoss Ground Weapons Level 3  
  123  12:57  Protoss Ground Armor Level 3  
  123  13:01  Zealot x3  
  123  13:02  Zealot  
  123  13:06  Stalker, Nexus  
  133  13:10  Stalker  
  135  13:26  Observer  
  135  13:37  Colossus  
  142  13:51  Observer  
  142  13:59  Stalker x3  
  149  14:08  Pylon  
  149  14:10  Pylon  
  149  14:12  Pylon  
  149  14:14  Pylon  
  149  14:16  Pylon  
  149  14:17  Assimilator  
  149  14:20  Assimilator  
  149  14:23  Pylon  
  149  14:25  Extended Thermal Lance  
  149  14:26  Pylon  
  149  14:28  Observer  
  149  14:38  Stalker  
  149  14:39  Stalker x4  
  160  14:40  Stalker  
  160  14:47  Observer  
  162  14:53  Stalker  
  162  14:56  Warp Prism  
  167  15:09  Colossus  
  173  15:32  Shield Battery  
  173  15:34  Photon Cannon  
  173  15:40  Shield Battery  
  173  15:44  Probe (Chrono Boost)  
  173  15:45  Probe x3 (Chrono Boost)  
  177  15:53  Shield Battery  
  181  16:00  Stalker x2  
  181  16:01  Probe (Chrono Boost), Stalker  
  181  16:02  Probe x3 (Chrono Boost)  
  181  16:03  High Templar  
  181  16:04  High Templar  
  181  16:05  High Templar  
  193  16:18  Probe (Chrono Boost)  
  193  16:19  Probe x3 (Chrono Boost)  
  197  16:35  Probe x2 (Chrono Boost)  
  199  16:56  Probe (Chrono Boost)  
  172  18:13  Stalker x6  
  172  18:14  Stalker  
  182  18:32  Observer x2  
  181  18:53  Warp Prism  
  175  20:35  Archon  
  175  20:36  Archon  
  175  20:39  Stalker x3  
  181  20:40  Stalker x4  
Tags
 
Matchup
Co-op
Replay Pack
새 폴더
Add a new tag
Caveats
  • Supply blocks, unpowered buildings, or Contaminate may cause inaccurate times.
  • Supply counts are checked every 10 seconds.